 Dungeon Crawl Stone Soup version 0.32-a0-818-gb728d0252e (webtiles) character file.

Game seed: 5906275802170754481

378210 whatisthis the Illuminatus (level 22, -3/186 HPs)
             Began as a Gnoll Reaver on Mar 24, 2024.
             Was an Elder of Ashenzari.
             Slain by an elephant (16 damage)
             ... summoned by a spriggan berserker
             ... on level 3 of the Depths on Mar 27, 2024.
             The game lasted 03:16:09 (56339 turns).

whatisthis the Illuminatus (Gnoll Reaver)          Turns: 56339, Time: 03:16:10

Health: -3/186     AC: 20    Str: 21    XL:     22   Next: 82%
Magic:  4/45       EV: 23    Int: 12    God:    Ashenzari [****..]
Gold:   4822       SH: 16    Dex: 22    Spells: 10/59 levels left

rFire   + . .        I - +4 demon trident (drain)
rCold   + . .        q - +0 kite shield {reflect}
rNeg    + + +        y - +2 ring mail "Activism of Ashenzari" {rF+, Range, Melee} (curse)
rPois   .            X - +0 helmet "Share My Dogma" {Melee, Self} (curse)
rElec   .            w - +0 cloak "Augurer of Ashenzari" {Self, Melee} (curse)
rCorr   .            l - +2 pair of gloves "All-seeing Sybil" {rN+, Cun, Comp} (curse)
SInv    +            U - +0 pair of boots "Share My Incredulity" {Elem, Melee} (curse)
Will    +....        n - amulet "Mezaub" {Acrobat ^Drain rN+++ Regen+ Dex+3}
Stlth   ++++++       j - ring "Unveiling Sorrow" {Str+6, Melee, Fort} (curse)
HPRegen 1.31/turn    A - ring of protection from cold
MPRegen 0.29/turn

%: reflection, acrobat, clarity
@: slowed, very slow
A: fangs 1, strong nose, distributed training
}: 2/15 runes: barnacled, gossamer
a: Renounce Religion, Curse Item, Shatter the Chains


You were on level 3 of the Depths.
You worshipped Ashenzari.
Ashenzari was greatly pleased with you.
You visited 8 branches of the dungeon, and saw 38 of its levels.
You visited 1 bazaar.
You also visited: Trove, Ossuary and Bailey.

You collected 6354 gold pieces.
You spent 1532 gold pieces at shops.

Inventory:

Hand Weapons
 a - a +2 scimitar of flaming
 I - a +4 demon trident of draining (weapon)
Missiles
 e - 4 curare-tipped darts
 k - 4 throwing nets
 o - 12 javelins
 v - 42 poisoned darts
 x - 48 boomerangs (quivered)
 G - 11 silver javelins
Armour
 l - the cursed +2 pair of gloves "All-seeing Sybil" (worn) {rN+, Cun, Comp}
   (You found it on level 7 of the Dungeon)

   rN+:       It protects you from negative energy.
   It has a curse which improves the following skills: Cunning: Dodging and
   Stealth.
   Companions: Summonings and Necromancy.
 q - a +0 kite shield of reflection (worn)
 w - the cursed +0 cloak "Augurer of Ashenzari" (worn) {Self, Melee}
   (You bought it in a shop on level 2 of the Dungeon)

   It has a curse which improves the following skills: Introspection: Fighting
   and Spellcasting.
   Melee Combat: Short Blades, Long Blades, Axes, Maces & Flails, Polearms,
   Staves and Unarmed Combat.
 y - the cursed +2 ring mail "Activism of Ashenzari" (worn) {rF+, Range, Melee}
   (You found it on level 5 of the Dungeon)

   It has a curse which improves the following skills: Ranged Combat: Ranged
   Weapons and Throwing.
   Melee Combat: Short Blades, Long Blades, Axes, Maces & Flails, Polearms,
   Staves and Unarmed Combat.
 U - the cursed +0 pair of boots "Share My Incredulity" (worn) {Elem, Melee}
   (You found it on level 3 of the Lair of Beasts)

   It has a curse which improves the following skills: Elements: Fire Magic, Ice
   Magic, Air Magic and Earth Magic.
   Melee Combat: Short Blades, Long Blades, Axes, Maces & Flails, Polearms,
   Staves and Unarmed Combat.
 X - the cursed +0 helmet "Share My Dogma" (worn) {Melee, Self}
   (You found it on level 5 of the Lair of Beasts)

   It has a curse which improves the following skills: Melee Combat: Short
   Blades, Long Blades, Axes, Maces & Flails, Polearms, Staves and Unarmed
   Combat.
   Introspection: Fighting and Spellcasting.
Jewellery
 j - the cursed ring "Unveiling Sorrow" (left hand) {Str+6, Melee, Fort}
   (You found it on level 2 of the Dungeon)

   [ring of strength]

   Str+6:     It affects your strength (+6).
   It has a curse which improves the following skills: Melee Combat: Short
   Blades, Long Blades, Axes, Maces & Flails, Polearms, Staves and Unarmed
   Combat.
   Fortitude: Armour and Shields.
 n - the amulet "Mezaub" (around neck) {Acrobat ^Drain rN+++ Regen+ Dex+3}
   (You acquired it on level 4 of the Dungeon)

   [amulet of the acrobat]

   Acrobat:   It increases your evasion while moving and waiting.
   Dex+3:     It affects your dexterity (+3).
   rN+++:     It renders you almost immune to negative energy.
   Regen+:    It increases your rate of health regeneration.
   ^Drain:    It drains your maximum health when unequipped.
 A - a ring of protection from cold (right hand)
 D - a ring of poison resistance
 N - the ring "Fimialif" {*Slow rN+ Str+3 Int+3 Dex+6}
   (You found it on level 9 of the Dungeon)

   [ring of dexterity]

   Str+3:     It affects your strength (+3).
   Int+3:     It affects your intelligence (+3).
   Dex+6:     It affects your dexterity (+6).
   rN+:       It protects you from negative energy.
   *Slow:     It may slow you when you take damage.
 R - a +4 ring of slaying
 T - the ring "Peinenam" {rF+ rN+ Int+6 Dex+2}
   (You acquired it on level 3 of the Lair of Beasts)

   [ring of intelligence]

   Int+6:     It affects your intelligence (+6).
   Dex+2:     It affects your dexterity (+2).
   rF+:       It protects you from fire.
   rN+:       It protects you from negative energy.
Wands
 r - a wand of flame (120)
 E - a wand of mindburst (34)
 P - a wand of iceblast (24)
 S - a wand of acid (30)
Scrolls
 d - 4 scrolls of silence
 g - 13 scrolls of teleportation
 h - 8 scrolls of immolation
 m - 8 scrolls of blinking
 t - 7 scrolls of revelation
 u - 8 scrolls of poison
 B - 8 scrolls of fear
 F - 6 scrolls of enchant armour
 H - 3 scrolls of vulnerability
 J - 2 scrolls of butterflies
 Q - 2 scrolls of fog
 V - 3 scrolls of torment
 W - 3 scrolls of enchant weapon
Potions
 b - 4 potions of might
 c - 3 potions of ambrosia
 f - 2 potions of enlightenment
 i - 23 potions of curing
 p - 8 potions of haste
 s - 11 potions of lignification
 z - 5 potions of invisibility
 C - 2 potions of cancellation
 K - 2 potions of brilliance
 M - a potion of magic
 Y - 7 potions of heal wounds
 Z - 2 potions of mutation
Miscellaneous
 L - a phantom mirror


   Skills:
 + Level 16.4(18.9) Fighting
 + Level 15.8(20.7) Short Blades
 + Level 16.9(21.8) Long Blades
 + Level 15.8(20.7) Axes
 + Level 15.8(20.7) Maces & Flails
 + Level 15.8(20.7) Polearms
 + Level 15.8(20.7) Staves
 + Level 15.8(17.5) Ranged Weapons
 + Level 15.8(17.5) Throwing
 + Level 15.8(17.5) Armour
 + Level 16.4(18.1) Dodging
 + Level 15.8(17.5) Stealth
 + Level 15.8(17.5) Shields
 + Level 15.8(20.7) Unarmed Combat
 + Level 16.5(19.0) Spellcasting
 + Level 14.4 Conjurations
 + Level 13.4 Hexes
 + Level 13.4(15.2) Summonings
 + Level 13.4(15.2) Necromancy
 + Level 13.4 Translocations
 + Level 13.4(15.2) Fire Magic
 + Level 13.4(15.2) Ice Magic
 + Level 13.4(15.2) Air Magic
 + Level 13.4(15.2) Earth Magic
 + Level 13.4 Alchemy
 + Level 17.1 Invocations
 + Level 15.8 Evocations
 + Level 14.6 Shapeshifting


You had 10 spell levels left.
You knew the following spells:

 Your Spells              Type           Power      Damage    Failure   Level
a - Kiss of Death         Conj/Necr      100%       2d13      1%          1
b - Dispel Undead         Necr           47%        3d18      1%          4
c - Iskenderun's Mystic   Conj/Tloc      44%        2d10      1%          4
d - Olgreb's Toxic Radia  Alch           43%        N/A       1%          4
e - Arcjolt               Conj/Air       23%        1d33      1%          5
f - Freezing Cloud        Conj/Ice/Air   23%        6-21      1%          5
g - Irradiate             Conj/Alch      22%        3d19      1%          5
h - Airstrike             Air            23%        2d(4-20)  1%          4
i - Lee's Rapid Deconstr  Erth           23%        3d13*     1%          5
j - Permafrost Eruption   Ice/Erth       23%        2x4d7     2%          6
k - Plasma Beam           Fire/Air       23%        2x1d35    2%          6

Your spell library contained the following spells:

 Spells                   Type           Power      Damage    Failure   Level
 Necrotise                Necr           100%       1d9       1%          1
 Sandblast                Erth           94%        2d19      1%          1
 Shock                    Conj/Air       100%       1d9       1%          1
 Call Imp                 Summ           94%        N/A       1%          2
 Cigotuvi's Dreadful Rot  Necr/Alch/Air  92%        N/A       1%          2
 Ensorcelled Hibernation  Hex/Ice        90%        N/A       1%          2
 Mercury Vapours          Alch/Air       90%        N/A       1%          2
 Momentum Strike          Conj/Tloc      88%        3d10      1%          2
 Sublimation of Blood     Necr           47%        N/A       1%          2
 Call Canine Familiar     Summ           47%        N/A       1%          3
 Hailstorm                Conj/Ice       47%        3d10      1%          3
 Mephitic Cloud           Conj/Alch/Air  45%        N/A       1%          3
 Passwall                 Erth           47%        N/A       1%          3
 Sigil of Binding         Hex            43%        N/A       1%          3
 Stone Arrow              Conj/Erth      94%        3d12      1%          3
 Swiftness                Air            47%        N/A       1%          3
 Tukima's Dance           Hex            43%        N/A       1%          3
 Vampiric Draining        Necr           47%        2d9       1%          3
 Animate Armour           Summ/Erth      94%        N/A       1%          4
 Brom's Barrelling Bould  Conj/Erth      47%        2d6       1%          4
 Dimensional Bullseye     Hex/Tloc       21%        N/A       1%          4
 Leda's Liquefaction      Alch/Erth      22%        N/A       1%          4
 Martyr's Knell           Necr/Summ      47%        N/A       1%          4
 Petrify                  Alch/Erth      45%        N/A       1%          4
 Summon Lightning Spire   Summ/Air       47%        N/A       1%          4
 Vhi's Electric Charge    Tloc/Air       90%        N/A       1%          4
 Curse of Agony           Necr           47%        N/A       1%          5
 Death Channel            Necr           23%        N/A       2%          6
 Sculpt Simulacrum        Ice/Alch       22%        N/A       3%          6
 Ozocubu's Refrigeration  Ice            23%        4d12      16%         7
 Summon Hydra             Summ           23%        N/A       16%         7
 Maxwell's Capacitive Co  Air            23%        ∞         75%         8
 Discord                  Hex            21%        N/A       94%         8


Dungeon Overview and Level Annotations

Branches:
Dungeon (15/15)            Temple (1/1) D:5            Lair (5/5) D:8
 Shoals (4/4) Lair:2       Spider (4/4) Lair:2        Slime (0/5) Lair:5
    Orc (2/2) D:12            Elf (0/3) Orc:2        Vaults (4/5) D:13
  Crypt (0/3) Vaults:2     Depths (3/4) D:15        Ossuary (visited)
 Bailey (visited)

Altars:
Ashenzari
Cheibriados
Dithmenos
Elyvilon
Fedhas
Gozag
Hepliaklqana
Kikubaaqudgha
Makhleb
Nemelex Xobeh
Okawaru
Qazlal
Ru
Sif Muna
Trog
Uskayaw
Vehumet
Wu Jian
Xom
Yredelemnul
Zin
The Shining One
Beogh
Jiyva

Shops:
D:2 [   D:5 (   D:8 *   D:13 *   Orc:1 [**   Orc:2 *[::(   Vaults:1 *
Vaults:2 [   Vaults:4 ?

Portals:
Hell: Depths:1 Depths:2
Pandemonium: Depths:2
Ziggurat: Depths:2

Annotations:
D:4 Eustachio, Pikel
D:6 2 transporters
D:13 Frances
Lair:2 1 runed translucent door, smashvw's ghost, journeyman MiMo
Lair:4 exclusion: 3 oklob plants, Snorg
Vaults:3 Mennas
Vaults:4 Zenata
Depths:2 exclusion: spriggan defender
Depths:3 Boris


Innate Abilities, Weirdness & Mutations

You have very sharp teeth.
Your uncanny sense of smell can sniff out nearby items.
Your experience applies equally to all skills.


Message History

Boris is dispelled!!
You block Boris's attack. x3; Boris misses you.
Unknown command.
Casting: Dispel Undead (safe; 1% risk of failure)
Confirm with . or Enter, or press ? or * to list all spells.
Aiming: Dispel Undead (safe; 1% risk of failure)
Press: ? - help, Shift-Dir - straight line, f/p - Boris
Aim: Boris, wearing the +4 robe "Baeliusor" {Will+} (severely damaged, 100% to hit)
Boris is dispelled!!
Boris casts forth his victims' sorrows.
The howling sorrow hits you. You resist.
Blink to where?
Press: ? - help, Dir - move target, p - Boris
As you read the scroll of blinking, it crumbles to dust.
Boris conjures a glowing orb.
The spriggan berserker invokes Trog's protection!
An orb of destruction comes into view.
Casting: Dispel Undead (safe; 1% risk of failure)
Confirm with . or Enter, or press ? or * to list all spells.
You don't know that spell.
Casting: Dispel Undead (safe; 1% risk of failure)
Confirm with . or Enter, or press ? or * to list all spells.
Casting: Plasma Beam (mildly dangerous; 2% risk of failure)
Press: ? - help, Dir - look around, f - activate The bolt of lightning hits Boris.
Boris resists.
Boris is almost destroyed.
The fiery plasma misses Boris.
You hear an angry hiss.
You hear a deafening roar!
You hear a shout!
You hear a screech!
Boris pitches forth his victims' sorrows.
The howling sorrow hits you. You resist.
The spriggan berserker prays to Trog.
The spriggan berserker goes berserk!
The elephant is engulfed in excruciating misery.
The elephant completely misses you. You block the elephant's attack.
Unknown command.
The orb of destruction hits you!!!
* * * LOW HITPOINT WARNING * * *
The elephant is engulfed in excruciating misery.
The elephant tramples you!
You die...

,.....~~...~~..........~....
,,,....~....~........)†)..#*
,,,,...~.....^...>....<...#
~~~,*#...........~....#####
~~~~,*#°.........~....#
~,,,,*#.§L............#
,,*,,###.°§........####
,****#..☼.iY○.....## ,*
##.§.°@°....#### **
###○.°°○....#..###
#..☼...§.........#
###§...§.........#
#......§......###
##.......###### #.#..##.#
#########


You could see Boris, an elephant (summoned, berserk) and a spriggan berserker
(berserk, regenerating, strong-willed).

Vanquished Creatures
  5 juggernauts (Depths:2)
  Boris (Depths:1)
  3 caustic shrikes (Depths:2)
  4 golden dragons (Depths:2)
  Arachne (Spider:4)
  Nikola (Shoals:3)
  Mlioglotl (Shoals:4)
  A walking earthen tome (Depths:2)
  A titan (Depths:2)
  A quicksilver dragon (Depths:2)
  7 sphinxes
  A kraken (Shoals:2)
  Polyphemus (Shoals:2)
  Ilsuiw (Shoals:2)
  A storm dragon (Depths:2)
  Donald (Vaults:3)
  3 tengu reavers
  8 frost giants
  A shadow dragon (Depths:2)
  A fire giant (Depths:3)
  6 emperor scorpions (Spider:4)
  8 vault wardens
  2 ghost moths (Spider:4)
  A balrug (Depths:2)
  A curse skull (Vaults:2)
  5 orc warlords
  5 broodmothers
  12 ironbound preservers
  A ghoul (Vaults:2)
  12 very ugly things
  3 formless jellyfish
  A vampire knight (Depths:3)
  5 ironbound thunderhulks
  13 stone giants
  Nessos (D:13)
  3 minotaurs (Shoals:4)
  12 spark wasps
  2 war gargoyles
  13 dire elephants (Vaults:2)
  Azrael (Orc:2)
  10 ettins
  3 merfolk impalers
  2 crystal guardians
  An entropy weaver (shapeshifter) (D:14)
  4 fire dragons
  7 entropy weavers
  9 ice dragons
  5 great orbs of eyes
  6 yaktaur captains
  6 rakshasas
  A peacekeeper (Vaults:3)
  2 spriggan air magi
  Fannar (Orc:1)
  14 vault guards
  2 hell beasts
  Erolcha (D:13)
  3 hydras
  2 jorogumos
  An ogre mage (Vaults:2)
  2 merfolk avatars
  11 ironbound frosthearts
  3 catoblepae
  17 centaur warriors
  2 radroaches
  A death knight (D:15)
  2 alligator snapping turtles (Shoals:4)
  12 satyrs (Shoals:4)
  3 tengu warriors
  10 demonic crawlers
  5 deep troll earth magi (Depths:2)
  2 two-headed ogres (D:10)
  7 boulder beetles
  7 death yaks
  A vampire mage (Vaults:2)
  An occultist (Depths:1)
  4 deep troll shamans (Depths:2)
  Urug (Lair:3)
  4 orc high priests
  A spriggan berserker (Depths:1)
  5 sun demons
  12 hell knights
  2 soul eaters
  3 skeletal warriors
  A pharaoh ant (Spider:3)
  9 iron trolls (Depths:2)
  2 skysharks
  2 death drakes (Depths:2)
  12 sea snakes
  A salamander mystic (Depths:1)
  9 orb spiders
  3 arcanists
  5 glowing orange brains
  54 deep trolls
  14 ironbound convokers
  17 lindwurms
  A sun moth (shapeshifter) (D:15)
  2 necromancers
  3 sun moths (Spider:2)
  16 harpies
  A phantasmal warrior (D:15)
  3 steelbarb worms
  3 obsidian bats
  A wolf spider zombie (D:15)
  4 deep elf pyromancers
  13 orc knights
  10 orc sorcerers
  18 wolf spiders
  9 fauns
  30 ugly things
  An elf skeleton (Vaults:3)
  3 salamanders (Depths:1)
  12 manticores
  8 elephants
  A human skeleton (Vaults:4)
  4 cyclopes
  4 moths of wrath
  4 kobold blastminers
  9 meliai
  2 smoke demons (Depths:1)
  4 black mambas
  2 water nymphs
  17 vault sentinels
  8 merfolk sirens
  2 torpor snails
  3 gargoyles (D:12)
  14 cane toads
  2 rime drakes
  2 unseen horrors (D:10)
  A yaktaur zombie (Vaults:4)
  2 tengu conjurers
  A kobold demonologist (D:12)
  10 komodo dragons
  An efreet (D:14)
  2 freezing wraiths (D:15)
  36 yaktaurs
  7 trolls
  A wind drake (Shoals:4)
  7 polar bears
  21 merfolk
  5 hornets
  A wind drake (shapeshifter) (D:13)
  19 tarantellas
  12 blink frogs
  15 dream sheep
  6 snapping turtles
  A spriggan (shapeshifter) (D:13)
  A shadow (D:10)
  2 centaur simulacra (D:15)
  24 jumping spiders
  35 slime creatures
  An ettin skeleton (Vaults:4)
  24 culicivoras
  6 wyverns
  A vampire (D:14)
  4 wraiths
  A ynoxinul (Depths:2)
  10 spriggans (Lair:5)
  2 hogs (Lair:4)
  A warg (Orc:2)
  3 water elementals
  47 yaks
  3 fire elementals
  5 basilisks
  A golden eye (Lair:4)
  11 vampire mosquitoes
  39 redbacks
  A steam dragon (D:8)
  12 water moccasins
  A hell hound (Orc:1)
  A sky beast (D:7)
  An ice beast (D:6)
  32 orc warriors
  6 black bears
  4 ogres
  7 centaurs
  2 laughing skulls (D:15)
  5 boggarts (Lair:5)
  25 wolves
  2 lemures (D:3)
  A phantom (D:5)
  7 kobold brigands
  2 elf zombies
  14 bullfrogs
  A gnoll sergeant (D:7)
  3 scorpions
  A hornet simulacrum (D:15)
  8 howler monkeys
  3 electric eels
  A bombardier beetle (D:5)
  2 jellies
  4 hounds
  A human zombie (Ossuary)
  21 orc priests
  A gnoll bouda (D:4)
  2 iguanas
  A sleepcap (D:6)
  A boggart zombie (D:15)
  29 orc wizards
  7 hell rats (Lair:4)
  A hound zombie (Ossuary)
  4 mummies (Ossuary)
  6 adders
  15 gnolls
  A white imp (D:8)
  2 adder zombies (Ossuary)
  3 dart slugs
  114 orcs
  7 ball pythons
  9 endoplasms
  A giant cockroach (D:4)
  A gnoll zombie (Ossuary)
  6 goblins
  10 hobgoblins
  19 jackals
  A quokka (D:1)
  5 bats
  2 frilled lizards
  A goblin zombie (Ossuary)
  2 hobgoblin zombies (Ossuary)
  A jackal zombie (Ossuary)
  23 kobolds
  A kobold zombie (Ossuary)
  An orc zombie (Ossuary)
  11 rats
  A tentacle (Shoals:2)
1520 creatures vanquished.

Vanquished Creatures (others)
  A merfolk impaler (Shoals:4)
  A peacekeeper (Vaults:1)
  A merfolk avatar (Shoals:4)
  A sea snake (Shoals:4)
  An orc warrior (Orc:1)
  An orc (Orc:1)
  7 tentacles (Shoals:2)
13 creatures vanquished.

Grand Total: 1533 creatures vanquished

Notes
Turn   | Place    | Note
-------+----------+-------------------------------------------
     0 | D:1      | whatisthis the Gnoll Reaver began the quest for the Orb.
     0 | D:1      | Reached XP level 1. HP: 20/20 MP: 6/6
    82 | D:1      | Reached XP level 2. HP: 26/26 MP: 7/7
   365 | D:1      | Reached skill level 5 in Spellcasting
   365 | D:1      | Reached XP level 3. HP: 23/31 MP: 7/9
   814 | D:2      | Found Ciawuef's Armour Shop.
   854 | D:2      | Reached skill level 1 in Invocations
   998 | D:2      | Reached skill level 1 in Short Blades
   998 | D:2      | Reached skill level 1 in Axes
   998 | D:2      | Reached skill level 1 in Maces & Flails
   998 | D:2      | Reached skill level 1 in Polearms
   998 | D:2      | Reached skill level 1 in Staves
   998 | D:2      | Reached skill level 1 in Ranged Weapons
   998 | D:2      | Reached skill level 1 in Throwing
   998 | D:2      | Reached skill level 1 in Armour
   998 | D:2      | Reached skill level 1 in Stealth
   998 | D:2      | Reached skill level 1 in Shields
   998 | D:2      | Reached skill level 1 in Unarmed Combat
   998 | D:2      | Reached skill level 1 in Evocations
  1320 | D:2      | Found a faded altar of an unknown god.
  1365 | D:1      | Reached skill level 1 in Shapeshifting
  1365 | D:1      | Reached XP level 4. HP: 19/38 MP: 11/11
  1688 | D:1      | Reached skill level 1 in Hexes
  1688 | D:1      | Reached skill level 1 in Summonings
  1688 | D:1      | Reached skill level 1 in Necromancy
  1688 | D:1      | Reached skill level 1 in Translocations
  1688 | D:1      | Reached skill level 1 in Fire Magic
  1688 | D:1      | Reached skill level 1 in Ice Magic
  1688 | D:1      | Reached skill level 1 in Air Magic
  1688 | D:1      | Reached skill level 1 in Earth Magic
  1688 | D:1      | Reached skill level 1 in Alchemy
  2227 | D:3      | Found a glowing golden altar of the Shining One.
  2293 | D:3      | Reached XP level 5. HP: 43/43 MP: 12/12
  2520 | D:3      | Found an opulent altar of Gozag.
  2745 | D:3      | Found a sparkling altar of Nemelex Xobeh.
  2880 | D:4      | Reached skill level 2 in Invocations
  2913 | D:4      | Reached XP level 6. HP: 12/50 MP: 13/13
  3129 | D:4      | Found a bloodstained altar of Trog.
  3377 | D:4      | Found a hazy altar of Hepliaklqana.
  3474 | D:4      | Reached skill level 5 in Fighting
  3474 | D:4      | Reached skill level 5 in Dodging
  3486 | D:4      | Found a shimmering altar of Xom.
  3822 | D:4      | Noticed Eustachio
  4039 | D:4      | Noticed Pikel
  4124 | D:5      | Entered Level 5 of the Dungeon
  4144 | D:5      | Found a staircase to the Ecumenical Temple.
  4179 | D:5      | Reached XP level 7. HP: 3/56 MP: 15/15
  4387 | Temple   | Entered the Ecumenical Temple
  4405 | Temple   | Became a worshipper of Ashenzari the Shackled
  4864 | D:5      | Reached skill level 3 in Invocations
  5155 | D:4      | Identified a scroll of acquirement
  5156 | D:4      | Acquired the amulet "Mezaub" {Acrobat ^Drain rN+++ Regen+
                  | Dex+3}
  5620 | D:5      | Reached XP level 8. HP: 63/63 MP: 16/16
  5674 | D:5      | Found Sitoo's Antique Weapon Shop.
  5880 | D:6      | Found a transporter.
  6075 | D:6      | Found a sand-covered staircase.
  6094 | D:6      | Found a transporter.
  6133 | Ossuary  | Entered an ossuary
  6514 | D:6      | Found a shadowy altar of Dithmenos.
  6529 | D:6      | Reached skill level 4 in Invocations
  6838 | D:6      | Reached XP level 9. HP: 69/69 MP: 18/18
  7071 | D:7      | Found a blossoming altar of Fedhas.
  7149 | D:7      | Found a sacrificial altar of Ru.
  7535 | D:7      | Identified the +2 pair of gloves of the Shining Light {rN+}
  7704 | D:7      | Found a flagged portal.
  7721 | Bailey   | Entered a bailey
  7768 | Bailey   | Reached skill level 5 in Invocations
  8191 | Bailey   | Noticed an orc knight
  8191 | Bailey   | Noticed an orc knight
  8284 | Bailey   | Killed an orc knight
  8285 | Bailey   | Reached skill level 5 in Short Blades
  8285 | Bailey   | Reached skill level 5 in Axes
  8285 | Bailey   | Reached skill level 5 in Maces & Flails
  8285 | Bailey   | Reached skill level 5 in Polearms
  8285 | Bailey   | Reached skill level 5 in Staves
  8285 | Bailey   | Reached skill level 5 in Ranged Weapons
  8285 | Bailey   | Reached skill level 5 in Throwing
  8285 | Bailey   | Reached skill level 5 in Armour
  8285 | Bailey   | Reached skill level 5 in Stealth
  8285 | Bailey   | Reached skill level 5 in Shields
  8285 | Bailey   | Reached skill level 5 in Unarmed Combat
  8285 | Bailey   | Reached skill level 5 in Evocations
  8285 | Bailey   | Reached XP level 10. HP: 50/79 MP: 20/20
  8386 | Bailey   | Killed an orc knight
  8655 | D:7      | Found a snail-covered altar of Cheibriados.
  8857 | D:8      | Found Ibe Hayte's Elemental Accessories.
  8866 | D:8      | Reached * piety under Ashenzari
  9031 | D:8      | Reached skill level 6 in Invocations
  9031 | D:8      | Reached skill level 5 in Shapeshifting
  9316 | D:8      | Found a stormy altar of Qazlal.
  9369 | D:8      | Found a basalt altar of Yredelemnul.
  9990 | D:8      | Found a staircase to the Lair.
 10200 | D:9      | Reached ** piety under Ashenzari
 10292 | D:9      | Paralysed by a hornet for 2 turns
 10303 | D:9      | Reached skill level 5 in Hexes
 10303 | D:9      | Reached skill level 5 in Summonings
 10303 | D:9      | Reached skill level 5 in Necromancy
 10303 | D:9      | Reached skill level 5 in Translocations
 10303 | D:9      | Reached skill level 5 in Fire Magic
 10303 | D:9      | Reached skill level 5 in Ice Magic
 10303 | D:9      | Reached skill level 5 in Air Magic
 10303 | D:9      | Reached skill level 5 in Earth Magic
 10303 | D:9      | Reached skill level 5 in Alchemy
 10334 | D:9      | Reached XP level 11. HP: 64/85 MP: 22/22
 10410 | D:9      | Identified the ring "Fimialif" {*Slow rN+ Str+3 Int+3
                  | Dex+6}
 10729 | D:9      | Noticed a three-headed hydra
 10733 | D:9      | Killed a three-headed hydra
 10944 | D:10     | Entered Level 10 of the Dungeon
 10979 | D:10     | Reached skill level 7 in Invocations
 11269 | D:10     | Noticed a two-headed ogre
 11274 | D:10     | Killed a two-headed ogre
 11279 | D:10     | Noticed a two-headed ogre
 11309 | D:10     | Killed a two-headed ogre
 11444 | D:10     | Found a hide-covered altar of Uskayaw.
 11658 | D:10     | Found an iron altar of Okawaru.
 11918 | Lair:1   | Entered Level 1 of the Lair of Beasts
 12464 | Lair:1   | Reached XP level 12. HP: 81/94 MP: 24/24
 12559 | Lair:1   | Found a dark tunnel.
 12854 | Lair:2   | Reached skill level 8 in Invocations
 13110 | Lair:2   | Reached skill level 10 in Long Blades
 13215 | Lair:2   | Found a frozen archway.
 13337 | Lair:2   | Found a runed translucent door.
 13496 | Lair:2   | Identified the +4 spear "Biamuowno" {heavy, rElec}
 13906 | Lair:2   | Found a staircase to the Shoals.
 13981 | Lair:2   | Found a hole to the Spider Nest.
 14120 | Lair:2   | Noticed smashvw's ghost (journeyman MiMo)
 14154 | Lair:3   | Acquired the ring "Peinenam" {rF+ rN+ Int+6 Dex+2}
 14399 | Lair:3   | Noticed Urug
 14742 | Lair:3   | Killed Urug
 14797 | Lair:3   | Reached XP level 13. HP: 77/101 MP: 26/26
 15154 | Lair:4   | Reached skill level 9 in Invocations
 15474 | Lair:4   | Noticed Snorg
 16107 | Lair:5   | Entered Level 5 of the Lair of Beasts
 16264 | Lair:4   | Reached skill level 10 in Spellcasting
 16553 | Lair:5   | Reached *** piety under Ashenzari
 16604 | Lair:5   | Reached skill level 10 in Fighting
 16604 | Lair:5   | Reached skill level 10 in Dodging
 16665 | Lair:5   | Found a viscous altar of Jiyva.
 16665 | Lair:5   | Found a staircase to the Slime Pits.
 17109 | Lair:5   | Reached XP level 14. HP: 111/114 MP: 29/29
 17139 | Lair:5   | Reached skill level 10 in Invocations
 18920 | D:2      | Bought a +0 cloak for 49 gold pieces
 19208 | D:11     | Reached **** piety under Ashenzari
 19898 | D:11     | Learned a level 4 spell: Dispel Undead
 19903 | D:11     | Learned a level 4 spell: Iskenderun's Mystic Blast
 19908 | D:11     | Learned a level 4 spell: Olgreb's Toxic Radiance
 19914 | D:11     | Learned a level 5 spell: Arcjolt
 19920 | D:11     | Learned a level 5 spell: Freezing Cloud
 20128 | D:12     | Found a staircase to the Orcish Mines.
 21133 | D:12     | Learned a level 5 spell: Irradiate
 21192 | D:13     | Noticed Nessos
 21193 | D:13     | Reached skill level 10 in Conjurations
 21357 | D:13     | Found a gate to the Vaults.
 21369 | D:13     | Reached skill level 10 in Short Blades
 21369 | D:13     | Reached skill level 10 in Axes
 21369 | D:13     | Reached skill level 10 in Maces & Flails
 21369 | D:13     | Reached skill level 10 in Polearms
 21369 | D:13     | Reached skill level 10 in Staves
 21369 | D:13     | Reached skill level 10 in Ranged Weapons
 21369 | D:13     | Reached skill level 10 in Throwing
 21369 | D:13     | Reached skill level 10 in Armour
 21369 | D:13     | Reached skill level 10 in Stealth
 21369 | D:13     | Reached skill level 10 in Shields
 21369 | D:13     | Reached skill level 10 in Unarmed Combat
 21369 | D:13     | Reached skill level 10 in Evocations
 21378 | D:13     | Reached XP level 15. HP: 82/125 MP: 26/32
 21391 | D:13     | Reached skill level 11 in Invocations
 21563 | D:13     | Found a portal to a secret trove of treasure.
 21565 | D:13     | Noticed Erolcha
 21587 | D:13     | Killed Erolcha
 21627 | D:13     | Noticed Frances
 22225 | D:13     | Found Fewidd's Assorted Antiques.
 22271 | D:13     | Killed Nessos
 22611 | D:14     | Noticed a sphinx
 22617 | D:14     | Killed a sphinx
 22646 | D:14     | Noticed a tengu reaver
 22660 | D:14     | Killed a tengu reaver
 23170 | D:14     | Found a stormy altar of Qazlal.
 23831 | D:14     | Noticed an orc warlord
 23860 | D:13     | Killed an orc warlord
 24275 | D:14     | Found a roughly hewn altar of Beogh.
 24299 | D:14     | Learned a level 4 spell: Airstrike
 24382 | D:13     | You paid a toll of 3 potions of resistance to enter a
                  | treasure trove
 24383 | Trove    | Entered a treasure trove
 24388 | Trove    | Identified the ring of Veose {Fly Str+2 Stlth+}
 24388 | Trove    | Identified the ring of Evveb {rF+ rN+++ Int-3}
 24388 | Trove    | Identified the orb of Ygyes {mayhem, Dex+3}
 24388 | Trove    | Identified the amulet of Musaash Esopp {Rampage rElec
                  | Regen+ Str+2}
 24475 | D:15     | Entered Level 15 of the Dungeon
 25157 | D:15     | Reached skill level 10 in Shapeshifting
 25360 | D:15     | Reached XP level 16. HP: 95/134 MP: 34/34
 25635 | D:15     | Reached skill level 12 in Invocations
 25741 | D:15     | Found a staircase to the Depths.
 26146 | Orc:1    | Entered Level 1 of the Orcish Mines
 26419 | Orc:1    | Found Xudoquru's Assorted Antiques.
 26536 | Orc:1    | Noticed Fannar
 26553 | Orc:1    | Killed Fannar
 26787 | Orc:2    | Entered Level 2 of the Orcish Mines
 26809 | Orc:2    | Noticed Azrael
 26975 | Orc:2    | Killed Azrael
 27688 | Orc:2    | Found Werocouh's Book Shop.
 27688 | Orc:2    | Found Niamem's Book Shop.
 27689 | Orc:2    | Found Qimnut's Antique Armour Shoppe.
 27689 | Orc:2    | Found Setoufeadgh's General Store.
 27754 | Orc:2    | Found Xuthru's Weapon Emporium.
 28130 | Orc:2    | Found a staircase to the Elven Halls.
 28255 | Orc:1    | Found Xeext's Armour Shoppe.
 28441 | Orc:1    | Found Ywnoh's Assorted Antiques.
 28865 | Spider:1 | Entered Level 1 of the Spider Nest
 28879 | Spider:1 | Learned a level 5 spell: Lee's Rapid Deconstruction
 31318 | Spider:2 | Reached XP level 17. HP: 142/142 MP: 27/36
 31806 | Spider:3 | Reached skill level 10 in Hexes
 31806 | Spider:3 | Reached skill level 10 in Summonings
 31806 | Spider:3 | Reached skill level 10 in Necromancy
 31806 | Spider:3 | Reached skill level 10 in Translocations
 31806 | Spider:3 | Reached skill level 10 in Fire Magic
 31806 | Spider:3 | Reached skill level 10 in Ice Magic
 31806 | Spider:3 | Reached skill level 10 in Air Magic
 31806 | Spider:3 | Reached skill level 10 in Earth Magic
 31806 | Spider:3 | Reached skill level 10 in Alchemy
 32556 | Spider:3 | Reached skill level 13 in Invocations
 33189 | Spider:4 | Entered Level 4 of the Spider Nest
 33319 | Spider:4 | Noticed Arachne
 33566 | Spider:4 | Killed Arachne
 35835 | Spider:4 | Reached XP level 18. HP: 99/151 MP: 26/38
 35886 | Spider:4 | Got a gossamer rune of Zot
 35902 | Spider:4 | Identified the +0 hat of Surprise {^Drain Int+3 Slay+3
                  | Stlth+}
 35955 | Spider:4 | Identified the scarf "Veibaasch" {rC+ rF+, Rampage Dex-5
                  | Slay+5 SInv}
 36222 | Shoals:1 | Entered Level 1 of the Shoals
 37080 | Shoals:2 | Noticed Polyphemus
 37099 | Shoals:2 | Killed Polyphemus
 37269 | Shoals:2 | Acquired 880 gold pieces
 37270 | Shoals:2 | Acquired 957 gold pieces
 37592 | Shoals:2 | Noticed Ilsuiw
 37611 | Shoals:2 | Killed Ilsuiw
 38619 | Shoals:4 | Entered Level 4 of the Shoals
 38619 | Shoals:4 | Noticed Nikola
 38698 | Shoals:3 | Killed Nikola
 38937 | Shoals:4 | Reached skill level 14 in Invocations
 39184 | Shoals:4 | Noticed Mlioglotl
 39321 | Shoals:4 | Killed Mlioglotl
 39669 | Shoals:4 | Identified the +1 robe of Xofi Onwu {-Tele rPois rN+
                  | Stlth+}
 39983 | Shoals:4 | Identified the staff of the Mind {rF++ rC+ Str-3 Int-4
                  | Earth}
 40346 | Shoals:4 | Reached XP level 19. HP: 151/159 MP: 21/39
 40469 | Shoals:4 | Got a barnacled rune of Zot
 40837 | Vaults:1 | Entered Level 1 of the Vaults
 42684 | Vaults:1 | Found Poex's General Store.
 42692 | Vaults:1 | Bought a scroll of revelation for 112 gold pieces
 42692 | Vaults:1 | Bought a wand of acid (3) for 189 gold pieces
 42692 | Vaults:1 | Bought a potion of invisibility for 120 gold pieces
 42692 | Vaults:1 | Bought a potion of mutation for 120 gold pieces
 42733 | Vaults:1 | Reached skill level 15 in Long Blades
 43903 | Vaults:2 | Reached skill level 15 in Invocations
 44340 | Vaults:2 | Reached XP level 20. HP: 118/168 MP: 19/41
 45317 | Vaults:2 | Reached skill level 15 in Spellcasting
 45776 | Vaults:2 | Found a staircase to the Crypt.
 45991 | Vaults:2 | Found Ginkiuxoi's Armour Boutique.
 46329 | Vaults:3 | Found a flickering gateway to a bazaar.
 46354 | Bazaar   | Entered a bazaar
 46354 | Bazaar   | Found Taneicuw's Armour Boutique.
 46354 | Bazaar   | Found Licvitom's Weapon Shop.
 46354 | Bazaar   | Found Sienia Juint's Weapon Shop.
 46503 | Vaults:3 | Noticed Donald
 46510 | Vaults:3 | Killed Donald
 46969 | Vaults:3 | Reached skill level 15 in Fighting
 46969 | Vaults:3 | Reached skill level 15 in Dodging
 47745 | Vaults:3 | Noticed Mennas
 47861 | Vaults:3 | Identified the +4 chain mail of Yciloask {Int+3}
 48204 | Vaults:4 | Found Rafiem's Magic Scroll Shoppe.
 48246 | Vaults:4 | Bought a scroll of revelation for 97 gold pieces
 48246 | Vaults:4 | Bought a scroll of fear for 52 gold pieces
 48246 | Vaults:4 | Bought a scroll of teleportation for 39 gold pieces
 48246 | Vaults:4 | Bought a scroll of teleportation for 39 gold pieces
 48246 | Vaults:4 | Bought a scroll of acquirement for 676 gold pieces
 48246 | Vaults:4 | Bought a scroll of teleportation for 39 gold pieces
 48246 | Vaults:4 | Acquired the +2 cloak of Sin {Int+3 Dex+6 Stlth-}
 48728 | Vaults:4 | Reached XP level 21. HP: 176/176 MP: 37/42
 48817 | Vaults:4 | Noticed Zenata
 49312 | Vaults:3 | Learned a level 6 spell: Permafrost Eruption
 50123 | Depths:1 | Entered Level 1 of the Depths
 50466 | Depths:1 | Reached skill level 16 in Invocations
 50789 | Depths:1 | Identified the +4 robe "Videtaut" {^Contam rF+ rC+}
 50789 | Depths:1 | Noticed Boris
 50810 | Depths:1 | Killed Boris
 50935 | Depths:1 | Found a gateway to Hell.
 51207 | Depths:1 | Found an opulent altar of Gozag.
 51359 | Depths:2 | Found a one-way gateway to a ziggurat.
 51639 | Depths:2 | Reached skill level 15 in Short Blades
 51639 | Depths:2 | Reached skill level 15 in Axes
 51639 | Depths:2 | Reached skill level 15 in Maces & Flails
 51639 | Depths:2 | Reached skill level 15 in Polearms
 51639 | Depths:2 | Reached skill level 15 in Staves
 51639 | Depths:2 | Reached skill level 15 in Ranged Weapons
 51639 | Depths:2 | Reached skill level 15 in Throwing
 51639 | Depths:2 | Reached skill level 15 in Armour
 51639 | Depths:2 | Reached skill level 15 in Stealth
 51639 | Depths:2 | Reached skill level 15 in Shields
 51639 | Depths:2 | Reached skill level 15 in Unarmed Combat
 51639 | Depths:2 | Reached skill level 15 in Evocations
 51687 | Depths:2 | Found a shimmering blue altar of Sif Muna.
 52469 | Depths:2 | Found a one-way gate leading to the halls of Pandemonium.
 52554 | Depths:2 | Noticed a caustic shrike
 52564 | Depths:2 | Killed a caustic shrike
 52686 | Depths:2 | Noticed a golden dragon
 52805 | Depths:3 | Noticed a golden dragon
 53216 | Depths:3 | Noticed a caustic shrike
 53216 | Depths:3 | Noticed a caustic shrike
 53235 | Depths:2 | Killed a caustic shrike
 53364 | Depths:2 | Killed a caustic shrike
 53511 | Depths:2 | Reached XP level 22. HP: 157/185 MP: 44/44
 53538 | Depths:3 | Noticed a golden dragon
 53838 | Depths:3 | Noticed a golden dragon
 53943 | Depths:2 | Killed a golden dragon
 53997 | Depths:3 | Noticed a juggernaut
 54008 | Depths:2 | Killed a golden dragon
 54361 | Depths:3 | Noticed a juggernaut
 54379 | Depths:2 | Killed a juggernaut
 54505 | Depths:2 | Killed a juggernaut
 54765 | Depths:2 | Noticed a juggernaut
 54779 | Depths:2 | Killed a juggernaut
 55342 | Depths:2 | Noticed a juggernaut
 55360 | Depths:2 | Killed a juggernaut
 55361 | Depths:2 | Reached skill level 17 in Invocations
 55361 | Depths:2 | Noticed a golden dragon
 55380 | Depths:2 | Killed a golden dragon
 55679 | Depths:2 | Killed a golden dragon
 55825 | Depths:2 | Identified the +8 broad axe "Lueph" {flame, ^Contam rN++
                  | Str+2 Dex+3}
 55838 | Depths:2 | Learned a level 6 spell: Plasma Beam
 55850 | Depths:2 | Noticed a juggernaut
 55865 | Depths:2 | Killed a juggernaut
 56327 | Depths:3 | Identified the +4 robe "Baeliusor" {Will+}
 56327 | Depths:3 | Noticed Boris
 56339 | Depths:3 | Slain by an elephant

Illustrated notes

Levels and vault maps discovered:
D:1:      dpeg_arrival_tiny_f, layout_loops_cross, minivault_26,
          minmay_misc_feat_tiny
D:2:      layout_basic, serial_shops, shop, ebering_ecumenical_altar_abandoned,
          item_on_display_a
D:3:      layout_basic, nemelex_diamond_rough_becter,
          mainiacjoe_overflow_24_doors, overflow_temple_1_default
D:4:      minmay_clustersquares, layout_basic, lemuel_tele_altar,
          regret_index_xom_buried_treasure, nicolae_hepliaklqana_hazy_memory,
          serial_co_window_serial, co_window_paths_b, co_window_paths_a,
          co_window_corner_a, co_window_corner_a, co_window_paths_a,
          co_window_unsneaky_path_b, co_window_corner_cb, co_window_corner_b,
          co_window_4corner_b, glass_columns_a, glass_columns_a,
          glass_columns_c, minmay_misc_feat_alley, uniq_pikel, uniq_eustachio
D:5:      layout_basic, minmay_temple_entry_drinking_statues, serial_shops,
          shop, corner_web_ring
D:6:      gammafunk_cloud_chamber, layout_loops_ring, lemuel_round_altar,
          nicolae_ossuary_entry_false_entrances
D:7:      layout_loops_cross, chei_slow_surprise, amcnicky_altar_gilded,
          nicolae_ru_great_annihilating_truth, enter_bailey_4,
          chequers_serial_rivers_marsh
D:8:      layout_basic, mainiacjoe_overflow_brackets,
          mainiacjoe_overflow_surrounded_room, erik_lair_dragon,
          nicolae_elemental_shop, kennysheep_potato
D:9:      layout_basic, hangedman_ranch
D:10:     layout_irregular_city, lemuel_coloured_pillars_altar,
          nicolae_overflow_crystal_walls
D:11:     layout_grid_maze
D:12:     layout_cave_pools, hiddenorc2_lemuel
D:13:     layout_cave_pools, erik_vaults_2, nicolae_trove_entry_free_sample,
          serial_shops, nicolae_shop_waterfront, uniq_erolcha, uniq_nessos,
          uniq_frances
D:14:     minmay_containers, layout_loops_ring,
          nicolae_qazlal_scattered_showers, lightli_church_of_beogh
D:15:     grunt_enter_depths_magical_seal, layout_basic, nicolae_the_louvre
Temple:   nicolae_temple_superstar
Lair:1:   layout_cave_shapes, nicolae_volcano_entry_lava_flow,
          chequers_serial_rivers_micro_d, grunt_forest_large_clearings
Lair:2:   layout_regular_city, mainiacjoe_shoals_entry_four_pools,
          spider_nest_entry_funnel_web, portal_ice_cave_entry_pillars_2,
          ebering_ghost_funeral_grove, grunt_megastairs_3, lemuel_fruit_tree
Lair:3:   layout_regular_city, nicolae_quartered_pool_little, uniq_urug
Lair:4:   layout_layer_cave, disabler_island, uniq_kirke, uniq_snorg
Lair:5:   minmay_lair_end_enchanted_forest, layout_gridlike, slime_entry_1,
          nicolae_lair_grazing_beasts [nicolae_sub_lair_graze_edge,
          nicolae_sub_lair_graze_edge, nicolae_sub_lair_graze_edge,
          nicolae_sub_lair_graze_edge], grunt_megastairs_5, serial_bayou_shore_b
Shoals:1: layout_shoals
Shoals:2: layout_shoals, nicolae_shoals_lost_giant_pillars, uniq_polyphemus,
          uniq_ilsuiw
Shoals:3: layout_shoals, nicolae_shoals_nautilus_by_nature,
          nicolae_shoals_beach_house_on_fowls_legs
Shoals:4: shoals_end_hellmonk_lost_city, uniq_mlioglotl, uniq_nikola
Spider:1: layout_cave_pods
Spider:2: layout_spider_delve
Spider:3: layout_spider_delve, hangedman_spider_tarantella_strand
Spider:4: guppyfry_spider_rune, uniq_arachne
Orc:1:    layout_caves, serial_shops, shop, shop, shop, uniq_fannar
Orc:2:    st_orc_elflike, layout_caves, serial_shops, shop, uniq_azrael
Vaults:1: grunt_vaults_trifunnel, v_misc_12, v_misc_15,
          nicolae_vaults_diagonal_hallway_8, nicolae_vaults_more_shelving_1,
          nicolae_vaults_wrenched, nicolae_vaults_apartment_2, v_alt_pattern_6,
          layout_vaults_big_room, serial_shops, shop
Vaults:2: minmay_crypt_entry_simple_corners,
          nicolae_vaults_offset_grid_hallway_4, v_alt_pattern_2,
          nicolae_vaults_wine_cellar, nicolae_vaults_shrinking_rooms_2,
          vaults_room_grid, nicolae_vaults_network_s,
          nicolae_vaults_little_squares_4, grunt_vaults_hallway_long,
          kb_rosetta, hangedman_vaults_pinch, hangedman_vaults_maws,
          nicolae_vaults_circle_grid_b, nicolae_vaults_variable_pillar_hall,
          layout_vaults_maze_bifur, serial_shops, shop
Vaults:3: nicolae_vaults_apartment_1, nicolae_vaults_little_squares_4,
          vaults_mumra_minichess, nicolae_vaults_turnstiles, v_rooms_1,
          nicolae_vaults_big_ls, nicolae_vaults_alarming,
          nicolae_vaults_yaktaur_gun_rack, vaults_dpeg_hooks,
          nicolae_vaults_trapezoid_lopsided_1, nicolae_vaults_house_3,
          vaults_dpeg_encased_lava, layout_vaults_ring, serial_shops,
          bzr_in_the_mist, uniq_mennas, uniq_donald
Vaults:4: portal_desolation_entry_twin_temple, vaults_mumra_chevron,
          nicolae_vaults_door_testing_chamber, v_misc_8,
          nicolae_vaults_trapezoid_2, nicolae_vaults_trapezoid_lopsided_4,
          ontoclasm_vaults_chip, nicolae_vaults_house_2,
          nicolae_vaults_trapezoid_lopsided_3, layout_vaults_omnigrid,
          serial_shops, nicolae_shop_window_shopping, uniq_zenata
Depths:1: layout_gridville, hellmouth_3, grunt_gozag_statues,
          infiniplex_staircase_pool_lava, uniq_boris
Depths:2: lemuel_castle_with_subvaults [lemuel_castle_interior_original],
          layout_basic, enter_ziggurat_a, grunt_pan_entry_zigzag,
          mu_enter_wizlab_1, lemuel_blue_sif_altar, hell_entry,
          serial_co_window_serial, co_window_paths_b, co_window_cross_1,
          co_window_paths_a, co_window_corner_a, co_window_paths_a,
          co_window_corner_ca, co_window_corner_cb, co_window_corner_b,
          co_window_paths_d, glass_columns_c
Depths:3: grunt_x_marks_the_spot, layout_cave_pools, hangedman_coc_ice_floe,
          kennysheep_donut, hangedman_abyss_entry_splay, serial_bayou_shore_b

Skill      XL: |  1  2  3  4  5  6  7  8  9 10 11 12 13 14 15 16 17 18 19 20 21 22 |
---------------+-------------------------------------------------------------------+-----
Spellcasting   | 5 6 7 8 9 10 11 12 13 14 15 16 | 16.5
Invocations    | 1 2 3 4 5 6 7 8 9 10 11 12 13 14 15 16 17 | 17.1
Short Blades   | 1 2 3 5 6 7 8 9 10 11 12 13 14 15 | 15.8
Axes           | 1 2 3 5 6 7 8 9 10 11 12 13 14 15 | 15.8
Maces & Flails | 1 2 3 5 6 7 8 9 10 11 12 13 14 15 | 15.8
Polearms       | 1 2 3 5 6 7 8 9 10 11 12 13 14 15 | 15.8
Staves         | 1 2 3 5 6 7 8 9 10 11 12 13 14 15 | 15.8
Ranged Weapons | 1 2 3 5 6 7 8 9 10 11 12 13 14 15 | 15.8
Throwing       | 1 2 3 5 6 7 8 9 10 11 12 13 14 15 | 15.8
Armour         | 1 2 3 5 6 7 8 9 10 11 12 13 14 15 | 15.8
Stealth        | 1 2 3 5 6 7 8 9 10 11 12 13 14 15 | 15.8
Shields        | 1 2 3 5 6 7 8 9 10 11 12 13 14 15 | 15.8
Unarmed Combat | 1 2 3 5 6 7 8 9 10 11 12 13 14 15 | 15.8
Evocations     | 1 2 3 5 6 7 8 9 10 11 12 13 14 15 | 15.8
Shapeshifting  | 1 2 3 4 5 6 7 8 9 10 11 12 13 14 | 14.6
Hexes          | 1 2 3 4 5 6 7 8 9 10 11 12 13 | 13.4
Summonings     | 1 2 3 4 5 6 7 8 9 10 11 12 13 | 13.4
Necromancy     | 1 2 3 4 5 6 7 8 9 10 11 12 13 | 13.4
Translocations | 1 2 3 4 5 6 7 8 9 10 11 12 13 | 13.4
Fire Magic     | 1 2 3 4 5 6 7 8 9 10 11 12 13 | 13.4
Ice Magic      | 1 2 3 4 5 6 7 8 9 10 11 12 13 | 13.4
Air Magic      | 1 2 3 4 5 6 7 8 9 10 11 12 13 | 13.4
Earth Magic    | 1 2 3 4 5 6 7 8 9 10 11 12 13 | 13.4
Alchemy        | 1 2 3 4 5 6 7 8 9 10 11 12 13 | 13.4
Fighting       | 5 6 7 8 9 10 11 12 13 14 15 16 | 16.4
Dodging        | 5 6 7 8 9 10 11 12 13 14 15 16 | 16.4
Long Blades    | 7 8 9 10 11 12 13 14 15 16 | 16.9
Conjurations   | 6 7 8 9 10 11 12 13 14 | 14.4

Action                     |  1- 3 |  4- 6 |  7- 9 | 10-12 | 13-15 | 16-18 | 19-21 | 22-24 || total
---------------------------+-------+-------+-------+-------+-------+-------+-------+-------++-------
  Melee: Falchion          |   147 |    13 |   666 |    10 |       |       |       |       ||   836
         Bite              |    13 |    23 |    74 |   142 |   135 |   112 |   135 |    78 ||   712
         Flail             |       |   200 |       |       |       |       |       |       ||   200
         Dagger            |       |       |    18 |   389 |     9 |       |       |       ||   416
         Triple sword      |       |       |       |    29 |   360 |       |       |       ||   389
         Scimitar          |       |       |       |   386 |   547 |   640 |   592 |       ||  2165
         Demon trident     |       |       |       |       |       |       |    95 |   345 ||   440
   Fire: Arbalest          |       |       |    27 |       |       |       |       |       ||    27
  Throw: Dart              |       |       |    25 |    78 |    16 |       |       |       ||   119
         Boomerang         |       |       |       |       |    19 |   143 |   209 |    77 ||   448
         Javelin           |       |       |       |       |     1 |       |       |       ||     1
         Throwing net      |       |       |       |       |     1 |     2 |       |       ||     3
   Cast: Freezing Cloud    |       |       |       |       |    78 |   274 |   213 |    51 ||   616
         Olgreb's Toxic Ra |       |       |       |       |    17 |    45 |    64 |     9 ||   135
         Arcjolt           |       |       |       |       |    14 |    55 |    14 |     6 ||    89
         Iskenderun's Myst |       |       |       |       |     9 |     9 |    11 |     2 ||    31
         Dispel Undead     |       |       |       |       |     7 |       |     6 |     4 ||    17
         Irradiate         |       |       |       |       |     6 |    23 |    14 |    11 ||    54
         Airstrike         |       |       |       |       |     3 |   111 |    82 |     5 ||   201
         Lee's Rapid Decon |       |       |       |       |       |     6 |     2 |     3 ||    11
         Permafrost Erupti |       |       |       |       |       |       |    10 |     8 ||    18
         Plasma Beam       |       |       |       |       |       |       |       |     9 ||     9
 Invoke: Curse Item        |       |       |     1 |     3 |     2 |       |       |       ||     6
  Evoke: Wand              |       |       |     4 |       |     4 |       |     6 |       ||    14
         Phantom mirror    |       |       |       |       |       |     1 |       |       ||     1
    Use: Scroll            |       |     4 |     5 |     4 |     6 |     2 |     5 |     2 ||    28
         Potion            |       |       |     2 |       |       |     2 |     1 |     3 ||     8
   Stab: Sleeping          |       |     2 |     8 |    15 |     5 |     3 |    14 |       ||    47
         Paralysed         |       |       |     1 |       |       |       |       |       ||     1
         Distracted        |       |       |       |     1 |     4 |     2 |     1 |     1 ||     9
         Petrifying        |       |       |       |       |       |     1 |       |       ||     1
 Armour: Leather armour    |    75 |    55 |       |       |       |       |       |       ||   130
         Ring mail         |       |   104 |   423 |   372 |   462 |   406 |   366 |   150 ||  2283
  Dodge: Dodged            |   109 |   163 |   498 |   609 |   829 |   634 |   525 |   176 ||  3543
  Block: Kite shield       |       |       |       |       |    29 |   801 |   622 |   209 ||  1661
         Reflection        |       |       |       |       |     8 |    62 |    81 |     5 ||   156

Table legend: (Time is in decaauts)
 A = Elapsed time spent in this place.
 B = Non-inter-level travel time spent in this place.
 C = Inter-level travel time spent in this place.
 D = Time resting spent in this place.
 E = Time spent auto-exploring this place.
 F = Levels seen in this place.
 G = Mean time per level.
                   A        B        C        D        E       F      G
               +--------+--------+--------+--------+--------+-----+--------+
         Total |  56004 |  52059 |   3945 |  16422 |  16536 |  42 | 1333.4 |
       Dungeon |  19758 |  17468 |   2290 |   3912 |   8634 |  15 | 1317.2 |
        Temple |    153 |    119 |     34 |     97 |      0 |   1 |  153.0 |
          Lair |   6417 |   5877 |    540 |    334 |   2854 |   5 | 1283.4 |
        Shoals |   4620 |   4500 |    120 |   2179 |     73 |   4 | 1155.0 |
   Spider Nest |   7143 |   6890 |    253 |   2998 |   2045 |   4 | 1785.8 |
  Orcish Mines |   2265 |   2232 |     33 |    867 |    951 |   2 | 1132.5 |
        Vaults |   8944 |   8434 |    510 |   3227 |   1659 |   4 | 2236.0 |
        Depths |   5643 |   5482 |    161 |   2620 |    221 |   3 | 1881.0 |
        Bazaar |     11 |     11 |      0 |      0 |      0 |   1 |   11.0 |
         Trove |     44 |     44 |      0 |      0 |      0 |   1 |   44.0 |
       Ossuary |    260 |    260 |      0 |      0 |     98 |   1 |  260.0 |
        Bailey |    739 |    739 |      0 |    187 |      0 |   1 |  739.0 |
               +--------+--------+--------+--------+--------+-----+--------+

Top non-repeatable levels by time:
Depths:2: 4400 daAuts
Vaults:2: 3078 daAuts
Vaults:1: 2491 daAuts
Spider:4: 2402 daAuts
     D:8: 2103 daAuts
Vaults:3: 2034 daAuts
    D:15: 1970 daAuts
Spider:2: 1842 daAuts
    D:14: 1842 daAuts
  Lair:5: 1713 daAuts
    D:12: 1666 daAuts
Spider:3: 1575 daAuts
     D:4: 1575 daAuts
  Lair:2: 1527 daAuts
    D:13: 1462 daAuts
